 Dungeon Crawl Stone Soup version 0.28.0-62-gf88900778d (webtiles) character file.

Game seed: 10139189666225014497

197397 cbfl8 the Executioner (level 17, 0/255 HPs)
             Began as a Minotaur Berserker on Feb 28, 2023.
             Was a High Priest of Trog.
             Slain by cbfl8's illusion (illusionary) (26 damage)
             ... woven by Mara
             ... on level 4 of the Spider Nest on Mar 1, 2023.
             The game lasted 00:52:56 (50200 turns).

cbfl8 the Executioner (Minotaur Berserker)         Turns: 50200, Time: 00:52:56

Health: 0/255      AC: 22    Str: 28 (31) XL:     17   Next: 77%
Magic:  16/16      EV: 14    Int:  6 (7)  God:    Trog [*****.]
Gold:   3697       SH:  5    Dex: 15      Spells: 16/16 levels left

rFire   + . .      SeeInvis .   J - +2 battleaxe (flame)
rCold   + . .      Faith    .   (shield currently unavailable)
rNeg    . . .      Spirit   .   n - +1 plate armour {rC+}
rPois   +          Reflect  +   Q - +1 hat
rElec   .          Harm     .   N - +0 cloak {Stlth+}
rCorr   .          Rampage  .   (no gloves)
Will    ++...                   R - +1 pair of boots of Siyphet {Int+3}
Stlth   ..........              s - amulet of reflection
HPRegen 0.52/turn               T - ring "Ataz" {Fly rF+ Will+ Str+2}
MPRegen 0.15/turn               O - ring of Ojopuxt {rPois Str+4}

@: berserking (expiring), flying, very quick
A: horns 2, retaliatory headbutt
}: 1/15 runes: decaying
a: Renounce Religion, Berserk, Trog's Hand, Brothers in Arms


You were on level 4 of the Spider Nest.
You worshipped Trog.
Trog was extremely pleased with you.
You visited 5 branches of the dungeon, and saw 31 of its levels.
You also visited: Sewer, Ossuary, Gauntlet and Volcano.

You collected 3697 gold pieces.

Inventory:

Hand Weapons
 e - a +5 vorpal executioner's axe
 J - a +2 battleaxe of flaming (weapon)
Missiles
 b - 3 throwing nets
Armour
 n - a +1 plate armour of cold resistance (worn)
 N - a +0 cloak of stealth (worn)
 Q - a +1 hat (worn)
 R - the +1 pair of boots of Siyphet (worn) {Int+3}
   (You found it in a Gauntlet)

   Int:       It affects your intelligence (+3).
Jewellery
 s - an amulet of reflection (around neck)
 O - the ring of Ojopuxt (right hand) {rPois Str+4}
   (You took it off a minotaur in a Gauntlet)

   [ring of poison resistance]

   Str:       It affects your strength (+4).
   rPois:     It protects you from poison.
 T - the ring "Ataz" (left hand) {Fly rF+ Will+ Str+2}
   (You found it on level 2 of the Lair of Beasts)

   [ring of protection from fire]

   Str:       It affects your strength (+2).
   rF:        It protects you from fire.
   Fly:       It grants you flight.
   Will:      It increases your willpower.
Wands
 i - a wand of polymorph (35)
 r - a wand of paralysis (7)
 z - a wand of mindburst (18)
 B - a wand of charming (20)
 H - a wand of flame (22)
 P - a wand of acid (12) (quivered)
 S - a wand of iceblast (8)
Scrolls
 d - a scroll of summoning
 h - 2 scrolls of holy word
 j - 4 scrolls of blinking
 k - 11 scrolls of teleportation
 m - 4 scrolls of fog
 w - 4 scrolls of fear
 y - 6 scrolls of enchant weapon
 C - a scroll of enchant armour
 F - 3 scrolls of brand weapon
 L - 5 scrolls of magic mapping
Potions
 a - a potion of resistance
 f - 10 potions of curing
 g - 6 potions of heal wounds
 l - 5 potions of lignification
 o - 5 potions of might
 p - 10 potions of haste
 q - 2 potions of magic
 t - 9 potions of mutation
 v - 2 potions of invisibility
 A - 2 potions of cancellation {unknown}
 D - 2 potions of berserk rage
 E - 2 potions of ambrosia
Miscellaneous
 u - a lightning rod (4/4)
 G - a phantom mirror
 I - a phial of floods


   Skills:
 * Level 20.0 Fighting
 * Level 23.4 Axes
 + Level 14.5 Armour
 * Level 13.1 Dodging
 + Level 2.2 Stealth
 * Level 10.6 Evocations


You had 16 spell levels left.
You didn't know any spells.
Your spell library was empty.

Dungeon Overview and Level Annotations

Branches:
Dungeon (15/15)            Temple (0/1) D:4            Lair (6/6) D:10
  Swamp (4/4) Lair:3       Spider (4/4) Lair:4        Slime (0/5) Lair:5
    Orc (2/2) D:9             Elf (0/3) Orc:2        Vaults (0/5) D:14
 Depths (0/4) D:15          Sewer (visited)         Ossuary (visited)
Volcano (visited)         Gauntlet (visited)

Altars:
Cheibriados
Gozag
Makhleb
Qazlal
Beogh
Jiyva
Lugonu

Shops:
D:1 *   D:4 ([==   D:5 =   D:11 *[*   Orc:2 (([(

Portals:
Abyss: Lair:6

Annotations:
D:4 2 transporters, tkbsonic5's ghost, amateur MiFi
D:6 3 runed translucent doors, bronco's ghost, novice DDEE; tkbsonic5's ghost, novice FeCj
D:13 3 runed translucent doors, cbfl8's ghost, journeyman MiBe
D:15 3 runed translucent doors, cbfl8's ghost, journeyman MiBe
Lair:5 1 runed translucent door
Swamp:3 2 transporters, cbfl8's ghost, adept MiBe
Spider:4 Mara


Innate Abilities, Weirdness & Mutations

You have a pair of horns on your head.
You reflexively headbutt those who attack you in melee.


Message History

Mara is moderately wounded.
You barely miss Mara.
Mara blinks!
Unknown command.
Cbfl8's illusion hits you!!! Cbfl8's illusion burns you.
Mara evades a web.
Mara gestures at you. The bolt of fire hits you!! You resist.
Unknown command.
Unknown command.
You barely miss cbfl8's illusion. You slice Mara!! You burn Mara.
Cbfl8's illusion hits you!!! Cbfl8's illusion burns you!
Mara hits you with a +1 demon whip of flaming!
Mara burns you.
Unknown command.
You slice cbfl8's illusion!! You burn cbfl8's illusion.
Your headbutt misses cbfl8's illusion.
Cbfl8's illusion is lightly wounded.
You hit Mara.
Mara says, "Bound art thou by all the snares!"
You block cbfl8's illusion's attack.
Unknown command.
You barely miss cbfl8's illusion.
Cbfl8's illusion is lightly wounded.
You slash Mara! You burn Mara. You slash Mara! You burn Mara.
Mara says, "Bound art thou by all the snares!"
Mara hits you with a +1 demon whip of flaming.
Mara burns you.
Unknown command.
Unknown command.
You are too berserk!
You carve Mara like a ham!!!
You kill Mara!
Mara shimmers and vanishes!
You slice Mara!! You burn Mara. You slash cbfl8's illusion!
Cbfl8's illusion hits you!!!
* * * LOW HITPOINT WARNING * * *
Cbfl8's illusion burns you!
* * * LOW HITPOINT WARNING * * *
Mara completely misses you. You furiously retaliate!
You headbutt Mara!
You pick your way through the web.
Found 23 sling bullets.
Cbfl8's illusion hits you!!
You die...

#^..^..####.#
#..#...##.#..#
##..#........#
#^.###.##..##
#. #^###...###
# ..##....# #
##^#.R..#
##.##.R..##...#
#...@@#.##
#...# #.#...###
.... ^..### ##.
##.. #$. ...
..^# ###(


You could see 2 Maras and cbfl8's illusion (berserk).

Vanquished Creatures
  Rupert (Lair:4)
  A thorn hunter (Swamp:1)
  An orc warlord (Orc:2)
  3 ghost moths
  2 broodmothers
  A stone giant (Volcano)
  3 eleionomae
  An entropy weaver (Spider:3)
  A minotaur (Gauntlet)
  2 bunyips
  A spark wasp (Spider:2)
  Snorg (D:10)
  A fire dragon (D:15)
  A fire dragon (shapeshifter) (Lair:6)
  An ice dragon (D:15)
  7 boulder beetles
  3 ghost crabs
  A jorogumo (Spider:2)
  2 ogre magi (D:14)
  A catoblepas (Lair:6)
  24 hydras
  3 centaur warriors
  15 two-headed ogres
  3 death knights
  5 alligators
  12 death yaks
  5 tengu warriors
  Urug (Lair:4)
  3 thrashing horrors (Lair:6)
  3 orc high priests (Orc:2)
  Nergalle (Lair:1)
  3 pharaoh ants
  A spectral death yak (Lair:3)
  A goliath frog (Swamp:3)
  4 spriggan druids
  A skeletal warrior (D:13)
  An obsidian statue (Gauntlet)
  10 orb spiders
  13 swamp dragons
  6 steelbarb worms
  2 bog bodies
  A deep elf archer (D:14)
  A spectral hydra (Lair:3)
  8 wolf spiders
  5 orc knights (Orc:2)
  4 deep elf pyromancers
  23 ugly things
  A wizard (D:14)
  2 large abominations (Lair:6)
  2 manticores (D:13)
  7 orc sorcerers
  6 will-o-the-wisps
  An oklob plant (Lair:3)
  4 cyclopes
  A moth of wrath (Spider:3)
  Maurice (D:11)
  4 elephants (Lair:5)
  Joseph (D:7)
  3 black mambas
  2 molten gargoyles (Volcano)
  Maggie (D:6)
  2 gargoyles (D:14)
  3 torpor snails
  11 cane toads
  2 smoke demons (Lair:6)
  7 demonic crawlers
  A storm dragon simulacrum (D:13)
  An efreet (Volcano)
  2 rime drakes
  8 komodo dragons
  4 tengu conjurers
  4 freezing wraiths
  2 ancient zymes (Lair:6)
  A burning bush (Lair:5)
  3 trolls
  9 meliai
  A polar bear (shapeshifter) (D:14)
  A queen bee (Gauntlet)
  11 tarantellas
  7 tyrant leeches
  A polar bear (Lair:3)
  28 blink frogs
  7 hornets
  A meliai zombie (D:10)
  9 slime creatures
  20 jumping spiders
  9 dream sheep
  18 culicivoras
  A ynoxinul (Lair:6)
  A jumping spider (shapeshifter) (Lair:6)
  10 spriggans
  A shadow (D:10)
  4 vampires
  3 wyverns
  2 fire elementals (Volcano)
  5 basilisks
  51 yaks
  4 wraiths
  2 steam dragons
  13 vampire mosquitoes
  2 chaos spawn (Lair:6)
  2 fire bats (Volcano)
  35 redbacks
  A catoblepas simulacrum (Lair:3)
  Edmund (D:6)
  15 swamp worms
  3 acid dragons
  13 water moccasins
  4 wargs
  A hydra simulacrum (Lair:3)
  5 black bears
  25 orc warriors
  6 swamp drakes (Swamp:4)
  2 sky beasts
  An ice beast (D:7)
  A black mamba simulacrum (Lair:3)
  A boggart (D:14)
  7 ogres
  9 centaurs
  3 phantoms
  10 wolves
  5 kobold brigands
  9 small abominations (Lair:6)
  11 bullfrogs
  2 earth elementals (Volcano)
  3 scorpions
  4 water moccasin zombies (Ossuary)
  8 killer bees
  17 wights
  An electric eel (Lair:5)
  8 lava snakes (Volcano)
  A komodo dragon simulacrum (Lair:3)
  4 centaur zombies
  3 hounds
  8 jellies
  A bullfrog skeleton (D:6)
  20 orc priests
  2 centaur skeletons (D:5)
  A gnoll shaman (D:9)
  3 iron imps (D:5)
  An iguana (D:5)
  11 hell rats
  17 orc wizards
  A hound zombie (D:4)
  2 mummies (Ossuary)
  3 gnolls (D:9)
  4 adders
  4 river rats
  13 white imps
  4 ufetubi
  An adder skeleton (D:4)
  7 adder zombies (Ossuary)
  7 worms
  A dart slug (D:1)
  69 orcs
  6 bats
  18 endoplasms
  8 giant cockroaches
  5 hobgoblins
  6 jackals
  16 kobolds
  5 quokkas
  6 ball pythons
  2 frilled lizards (D:1)
  2 gnoll zombies (Ossuary)
  4 goblins
  A hobgoblin zombie (Ossuary)
  7 kobold zombies (Ossuary)
  4 orc zombies (Ossuary)
  12 rats
  A briar patch (Swamp:1)
  A butterfly (Lair:4)
1007 creatures vanquished.

Vanquished Creatures (collateral kills)
  The ghost of jjjjhere the Spry, a journeyman SpAE of Sif Muna (Lair:3)
  An orc knight (Orc:2)
  An orc wizard (Orc:2)
3 creatures vanquished.

Vanquished Creatures (others)
  3 bloated husks
  A swamp worm (Swamp:3)
  4 briar patches (Swamp:1)
  28 foxfires
  52 fungi
  59 plants
147 creatures vanquished.

Grand Total: 1157 creatures vanquished

Notes
Turn   | Place    | Note
-------+----------+-------------------------------------------
     0 | D:1      | cbfl8 the Minotaur Berserker began the quest for the Orb.
     0 | D:1      | Reached XP level 1. HP: 19/19 MP: 0/0
   239 | D:1      | Reached XP level 2. HP: 27/27 MP: 1/1
   269 | D:1      | Reached skill level 4 in Axes
   319 | D:1      | Found Cimnuhenk's General Store.
   798 | D:2      | Reached XP level 3. HP: 33/33 MP: 2/2
   888 | D:2      | Reached ** piety under Trog
  1005 | D:2      | Found a faded altar of an unknown god.
  1729 | D:3      | Reached skill level 1 in Evocations
  1729 | D:3      | Reached XP level 4. HP: 40/40 MP: 3/3
  2497 | D:4      | Reached *** piety under Trog
  2532 | D:4      | Found a staircase to the Ecumenical Temple.
  2536 | D:4      | Noticed an ogre
  2541 | D:4      | Killed an ogre
  2542 | D:4      | Reached skill level 5 in Axes
  2542 | D:4      | Reached XP level 5. HP: 47/47 MP: 4/4
  2604 | D:4      | Reached XP level 6. HP: 27/53 MP: 5/5
  2751 | D:4      | Found a glowing drain.
  2763 | Sewer    | Entered a sewer
  2850 | Sewer    | Reached skill level 6 in Axes
  2880 | Sewer    | Found a white marble altar of Elyvilon.
  3108 | D:4      | Found a transporter.
  3110 | D:4      | Noticed tkbsonic5's ghost (amateur MiFi)
  3115 | D:4      | Found a transporter.
  3292 | D:4      | Found Fuun's Weapon Boutique.
  3294 | D:4      | Found Zafufaog's Armour Boutique.
  3295 | D:4      | Found Kuihufal's Jewellery Boutique.
  3296 | D:4      | Found Bored's Jewellery Boutique.
  3424 | D:5      | Entered Level 5 of the Dungeon
  3562 | D:5      | Reached skill level 5 in Fighting
  3562 | D:5      | Reached XP level 7. HP: 43/61 MP: 6/6
  3856 | D:5      | Reached skill level 7 in Axes
  3870 | D:5      | Found a sand-covered staircase.
  3875 | Ossuary  | Entered an ossuary
  3956 | Ossuary  | Reached **** piety under Trog
  4129 | Ossuary  | Reached skill level 8 in Axes
  4129 | Ossuary  | Reached XP level 8. HP: 58/69 MP: 7/7
  4280 | D:5      | Found a burning altar of Makhleb.
  4467 | D:5      | Found Icucsil's Jewellery Shop.
  4898 | D:6      | Found a runed translucent gate.
  4912 | D:6      | Reached skill level 5 in Armour
  4951 | D:6      | Found a runed translucent gate.
  4956 | D:6      | Found a runed translucent gate.
  4962 | D:6      | Noticed tkbsonic5's ghost (novice FeCj)
  4963 | D:6      | Noticed bronco's ghost (novice DDEE)
  4975 | D:6      | Reached skill level 9 in Axes
  4983 | D:6      | Reached skill level 5 in Dodging
  5229 | D:6      | Noticed Edmund
  5244 | D:6      | Killed Edmund
  5475 | D:6      | Reached skill level 10 in Axes
  5708 | D:6      | Noticed Maggie
  5731 | D:6      | Killed Maggie
  5732 | D:6      | Reached XP level 9. HP: 78/78 MP: 8/8
  5903 | D:7      | Noticed Joseph
  5914 | D:7      | Killed Joseph
  6503 | D:7      | Reached skill level 11 in Axes
  7797 | D:8      | Reached skill level 12 in Axes
  8063 | D:8      | You are sucked into a shaft and drop 1 floor!
  8067 | D:9      | Reached XP level 10. HP: 88/88 MP: 9/9
  8089 | D:9      | Noticed a two-headed ogre
  8095 | D:9      | Killed a two-headed ogre
  8194 | D:9      | Reached ***** piety under Trog
  8488 | D:9      | Reached skill level 13 in Axes
  8509 | D:9      | Reached skill level 5 in Evocations
  8724 | D:9      | Noticed a two-headed ogre
  8731 | D:9      | Killed a two-headed ogre
  9181 | D:9      | Found a staircase to the Orcish Mines.
  9342 | D:10     | Entered Level 10 of the Dungeon
  9416 | D:10     | Reached skill level 14 in Axes
  9541 | D:10     | Noticed a two-headed ogre
  9550 | D:10     | Killed a two-headed ogre
  9551 | D:10     | Reached XP level 11. HP: 49/97 MP: 10/10
  9791 | D:10     | Noticed a two-headed ogre
  9799 | D:10     | Killed a two-headed ogre
 10362 | D:10     | Noticed Snorg
 10372 | D:10     | Killed Snorg
 10639 | D:10     | Noticed a two-headed ogre
 10644 | D:10     | Killed a two-headed ogre
 11276 | D:10     | Found a staircase to the Lair.
 11507 | D:11     | Noticed a boulder beetle
 11530 | D:11     | Killed a boulder beetle
 11798 | D:11     | Noticed Maurice
 11803 | D:11     | Reached skill level 10 in Fighting
 11820 | D:11     | Killed Maurice
 11821 | D:11     | Reached skill level 15 in Axes
 11821 | D:11     | Found Xagh's Antique Armour Emporium.
 12411 | D:11     | Found Kaen's General Store.
 12603 | D:11     | Found Huahul's Assorted Antiques.
 13004 | D:12     | Received a gift from Trog
 13004 | D:12     | Noticed a death knight
 13014 | D:12     | Killed a death knight
 13088 | D:12     | Noticed a two-headed ogre
 13099 | D:12     | Killed a two-headed ogre
 13100 | D:12     | Reached skill level 16 in Axes
 13100 | D:12     | Reached XP level 12. HP: 19/108 MP: 3/11
 13151 | D:12     | Found a gate leading to a gauntlet.
 13175 | Gauntlet | Entered a Gauntlet
 13175 | Gauntlet | Found a transporter.
 13175 | Gauntlet | Found a transporter.
 13180 | Gauntlet | Found a transporter.
 13180 | Gauntlet | Found a transporter.
 13190 | Gauntlet | Found a transporter.
 13211 | Gauntlet | Found a transporter.
 13215 | Gauntlet | Noticed a reaper
 13217 | Gauntlet | Noticed a tengu warrior
 13219 | Gauntlet | Found a transporter.
 13219 | Gauntlet | Found a transporter.
 13223 | Gauntlet | Found a transporter.
 13250 | Gauntlet | Found a transporter.
 13257 | Gauntlet | Found a transporter.
 13275 | Gauntlet | Found a transporter.
 13322 | Gauntlet | Found a transporter.
 13340 | Gauntlet | Found a transporter.
 13438 | Gauntlet | Found a transporter.
 13451 | Gauntlet | Noticed a death scarab
 13454 | Gauntlet | Found a transporter.
 13879 | Gauntlet | Killed a tengu warrior
 14177 | Gauntlet | Identified the ring of Ojopuxt {rPois Str+4}
 14177 | Gauntlet | Noticed a minotaur
 14195 | Gauntlet | Killed a minotaur
 14226 | Gauntlet | Identified the +1 pair of boots of Siyphet {Int+3}
 14622 | D:12     | Found a snail-covered altar of Cheibriados.
 15103 | D:13     | Reached skill level 17 in Axes
 15560 | D:13     | Noticed an eight-headed hydra
 15568 | D:13     | Killed an 11-headed hydra
 15710 | D:13     | Found a runed translucent gate.
 15710 | D:13     | Found a runed translucent gate.
 15713 | D:13     | Found a runed translucent gate.
 15713 | D:13     | Noticed a minotaur
 15714 | D:13     | Noticed cbfl8's ghost (journeyman MiBe)
 15724 | D:13     | Noticed a centaur warrior
 15732 | D:13     | Reached skill level 1 in Stealth
 15734 | D:13     | Killed a centaur warrior
 16588 | D:13     | Noticed a death knight
 16594 | D:13     | Killed a death knight
 16595 | D:13     | Reached XP level 13. HP: 96/118 MP: 4/12
 17399 | D:14     | Reached skill level 18 in Axes
 19177 | D:14     | Reached skill level 10 in Armour
 19519 | D:14     | Reached skill level 19 in Axes
 20119 | D:14     | Found a gate to the Vaults.
 20273 | D:15     | Entered Level 15 of the Dungeon
 20278 | D:15     | Found a stormy altar of Qazlal.
 20345 | D:15     | Reached skill level 10 in Dodging
 20694 | D:15     | Reached XP level 14. HP: 45/130 MP: 4/13
 23632 | D:15     | Found a staircase to the Depths.
 23799 | D:15     | Found a runed translucent gate.
 23800 | D:15     | Found a runed translucent gate.
 23800 | D:15     | Found a runed translucent gate.
 23802 | D:15     | Noticed cbfl8's ghost (journeyman MiBe)
 23911 | Lair:1   | Entered Level 1 of the Lair of Beasts
 24061 | Lair:1   | Found an opulent altar of Gozag.
 24140 | Lair:1   | Reached skill level 20 in Axes
 24149 | Lair:1   | Noticed Nergalle
 24168 | Lair:1   | Killed Nergalle
 24834 | Lair:1   | Identified the +0 eveningstar of Fortitude {freeze, rN+}
 25451 | Lair:2   | Identified the ring "Ataz" {Fly rF+ Will+ Str+2}
 26013 | Lair:2   | Identified the +3 great mace of Blind Justice {venom, Fly
                  | Will+ Str+4 Stlth+}
 26226 | Lair:3   | Found the +8 longbow "Zephyr" {speed, Dex+3 SInv}
 26967 | Lair:3   | You are sucked into a shaft and drop 1 floor!
 26996 | Lair:4   | Reached skill level 15 in Fighting
 27428 | Lair:4   | Found a hole to the Spider Nest.
 27737 | Lair:4   | Noticed Urug
 27737 | Lair:4   | Noticed Rupert
 27748 | Lair:4   | Killed Rupert
 27749 | Lair:4   | Reached XP level 15. HP: 108/141 MP: 14/14
 27749 | Lair:4   | Killed Urug
 28457 | Lair:3   | Found a runed translucent gate.
 28457 | Lair:3   | Found a runed translucent gate.
 28484 | Lair:3   | Found a runed translucent gate.
 28596 | Lair:3   | Found a staircase to the Swamp.
 28667 | Lair:3   | Noticed jjjjhere's ghost (journeyman SpAE)
 28939 | Lair:3   | HP: 2/139 [jjjjhere's ghost/zap (5)]
 28940 | Lair:3   | Killed jjjjhere's ghost
 29485 | Lair:5   | Received a gift from Trog
 29828 | Lair:5   | Found a runed translucent door.
 29828 | Lair:5   | Found a viscous altar of Jiyva.
 29829 | Lair:5   | Found a staircase to the Slime Pits.
 30755 | Lair:5   | Reached skill level 21 in Axes
 31024 | Lair:6   | Entered Level 6 of the Lair of Beasts
 32102 | Lair:6   | Received a gift from Trog
 32118 | Lair:6   | Found a corrupted altar of Lugonu.
 32118 | Lair:6   | Found a one-way gate to the infinite horrors of the Abyss.
 33710 | Orc:1    | Entered Level 1 of the Orcish Mines
 34089 | Orc:2    | Entered Level 2 of the Orcish Mines
 34129 | Orc:2    | Found a dark tunnel.
 34139 | Volcano  | Entered a volcano
 34773 | Volcano  | Found a burning altar of Makhleb.
 34988 | Volcano  | Reached XP level 16. HP: 154/154 MP: 15/15
 35202 | Orc:2    | Reached ****** piety under Trog
 35218 | Orc:1    | Received a gift from Trog
 36244 | Orc:2    | Found a staircase to the Elven Halls.
 36411 | Orc:2    | Found Daliles's Antique Weapon Emporium.
 36462 | Orc:2    | Found Qemeq's Armour Boutique.
 36786 | Orc:2    | Found Sacwas's Antique Weapon Boutique.
 36788 | Orc:2    | Found Dustugei's Weapon Emporium.
 36999 | Swamp:1  | Entered Level 1 of the Swamp
 37094 | Swamp:1  | Reached skill level 22 in Axes
 37257 | Swamp:1  | Noticed a thorn hunter
 37275 | Swamp:1  | Killed a thorn hunter
 39740 | Swamp:3  | Found a transporter.
 39742 | Swamp:3  | Noticed a thorn hunter
 39743 | Swamp:3  | Noticed cbfl8's ghost (adept MiBe)
 39785 | Swamp:3  | Found a transporter.
 40753 | Swamp:4  | Entered Level 4 of the Swamp
 42017 | Swamp:4  | Reached skill level 10 in Evocations
 42032 | Swamp:4  | Received a gift from Trog
 42367 | Swamp:4  | Reached XP level 17. HP: 125/166 MP: 16/16
 43046 | Swamp:4  | Got a decaying rune of Zot
 43309 | Spider:1 | Entered Level 1 of the Spider Nest
 45185 | Spider:1 | Received a gift from Trog
 45288 | Spider:1 | Reached skill level 23 in Axes
 49645 | Spider:3 | Received a gift from Trog
 50089 | Spider:4 | Entered Level 4 of the Spider Nest
 50178 | Spider:4 | Noticed Mara
 50193 | Spider:4 | Noticed cbfl8's illusion
 50200 | Spider:4 | Slain by cbfl8's illusion (illusionary)

Illustrated notes

Levels and vault maps discovered:
D:1:      dpeg_arrival_refuge, layout_loops_cross, serial_shops, shop
D:2:      layout_basic, ebering_ecumenical_altar_webs
D:3:      layout_basic
D:4:      layout_loops_ring, minmay_temple_entry_gardened_gates,
          gammafunk_ghost_mausoleum, gup_sewer_entry_bubbles,
          minmay_shop_grid_forest, kennysheep_cross_bottleneck
D:5:      layout_basic, demons_altar, lightli_ossuary_entry_decrepit_ruins,
          serial_shops, kennysheep_mini_moat
D:6:      layout_basic, gammafunk_ghost_cemetery, uniq_maggie, uniq_edmund
D:7:      layout_basic, chequers_serial_rivers_micro_e, uniq_joseph
D:8:      layout_loops_cross
D:9:      layout_basic, orc_0_dummy
D:10:     layout_loops_cross, grunt_lair_entry_orc_guard_hut, uniq_snorg
D:11:     layout_small_grid, serial_shops, nicolae_square_shop,
          nicolae_shop_advertising_works [nicolae_subvault_shop_adworks], shop,
          uniq_maurice
D:12:     layout_big_octagon, gauntlet_entry_generic, cheibriados_altar_1
D:13:     layout_basic, maelrawn_ghost_gauntlet_escape
D:14:     layout_cave_pools, hangedman_vaults_entry_quadrant_bands,
          minmay_misc_feat_encased
D:15:     grunt_enter_depths_hoard, layout_loops_ring, special_room
          [special_room_orc], ebering_ghost_rock_garden,
          chequers_serial_rivers_small_3, nicolae_qazlal_scattered_showers
Lair:1:   layout_loops_ring, basic_altar, grunt_megastairs_1, uniq_nergalle
Lair:2:   layout_roguey
Lair:3:   lemuel_slime, layout_chaotic_city, swamp_mist_pool,
          gammafunk_ghost_necromancy, guppyfry_lair_drakes
Lair:4:   layout_misc_corridors, spider_nest_entry_webs, lemuel_fruit_fields,
          grunt_megastairs_4, lemuel_fruit_tree, uniq_rupert, uniq_urug
Lair:5:   layout_cave_pods, slime_altar_2, evilmike_ambush
          [evilmike_ambush_outer_doors, evilmike_ambush_inner_pond],
          grunt_megastairs_3, serial_bayou_shore_a
Lair:6:   hellmonk_lair_end_abyssal_woods, layout_cellular_growth,
          grunt_forest_stairs_basic, lemuel_fruit_fields
Swamp:1:  layout_basic_swamp, evilmike_swamp_ruin_house_1, swamp_pool4,
          infiniplex_staircase_pool
Swamp:2:  layout_basic_swamp, nicolae_swamp_small_spring, swamp_pool2
Swamp:3:  layout_basic_swamp, gammafunk_ghost_arena,
          evilmike_swamp_ruin_rubble_1
Swamp:4:  swamp, layout_basic_swamp, swamp_pool2
Spider:1: layout_chambers, hangedman_spider_tarantella_strand
Spider:2: layout_spider_delve
Spider:3: layout_spider_delve
Spider:4: hellmonk_spider_rune_bug_friends, uniq_mara
Orc:1:    layout_caves, portal_ice_cave_entry_imps, minmay_orc_temple_b
Orc:2:    st_orc_elflike, layout_caves, lightli_volcano_entry_magma_tube,
          nicolae_orc_sculptors_studio

Skill      XL: |  1  2  3  4  5  6  7  8  9 10 11 12 13 14 15 16 17 |
---------------+----------------------------------------------------+-----
Axes           | 4 5 6 8 10 12 14 16 17 19 20 21 22 23 | 23.4
Fighting       | 4 5 6 8 9 10 12 13 15 16 18 20 | 20.0
Evocations     | 1 2 3 4 5 6 7 8 9 10 | 10.6
Dodging        | 3 4 5 6 8 9 10 11 12 13 | 13.1
Armour         | 3 4 5 6 7 8 9 10 11 12 13 14 | 14.5
Stealth        | 1 2 |  2.2

Action                   |  1- 3 |  4- 6 |  7- 9 | 10-12 | 13-15 | 16-18 || total
-------------------------+-------+-------+-------+-------+-------+-------++-------
Melee: Hand axe          |    97 |   181 |   231 |       |       |       ||   509
       Headbutt          |    15 |    20 |    74 |   104 |   240 |   199 ||   652
       Punch             |     2 |     3 |     2 |       |     3 |       ||    10
       War axe           |       |       |    77 |       |   379 |       ||   456
       Battleaxe         |       |       |    13 |   437 |   694 |   833 ||  1977
Invok: Berserk           |       |     1 |     1 |    10 |    13 |     7 ||    32
       Trog's Hand       |       |       |       |     4 |       |       ||     4
       Brothers in Arms  |       |       |       |       |     2 |     1 ||     3
Evoke: Wand              |       |       |       |     3 |     7 |     7 ||    17
  Use: Scroll            |       |       |     6 |     6 |    14 |     8 ||    34
       Potion            |       |       |       |     3 |     2 |       ||     5
 Stab: Paralysed         |       |       |       |       |     4 |       ||     4
Armor: Ring mail         |    35 |     6 |       |       |       |       ||    41
       Animal skin       |     2 |       |       |       |       |       ||     2
       Chain mail        |       |    44 |   116 |   171 |   372 |    32 ||   735
       Plate armour      |       |       |       |       |       |   378 ||   378
Dodge: Dodged            |    61 |    77 |    93 |   226 |   455 |   449 ||  1361
Block: Other             |       |     4 |    60 |    92 |   198 |   149 ||   503
       Tower shield      |       |       |    26 |       |       |       ||    26
       Reflection        |       |       |     1 |     2 |    17 |     5 ||    25
